 Dungeon Crawl Stone Soup version 0.31-a0-1237-gabc64e778c (webtiles) character file.

Game seed: 747518742995964900

21 RepHenryClay the Charlatan (level 2, 0/20 HPs)
             Began as a Gnoll Wanderer on Dec 15, 2023.
             Slain by a gnoll
             ... wielding a +0 spear
              (6 damage)
             ... on level 1 of the Dungeon.
             The game lasted 00:01:38 (985 turns).

RepHenryClay the Charlatan (Gnoll Wanderer)          Turns: 985, Time: 00:01:38

Health: 0/20       AC:  4    Str:  7    XL:     2   Next: 83%
Magic:  2/2        EV: 15    Int:  9    God:
Gold:   71         SH:  0    Dex: 17    Spells: 2/2 levels left

rFire   . . .        a - +0 short sword
rCold   . . .        (no shield)
rNeg    . . .        e - +0 robe
rPois   .            g - +0 helmet
rElec   .            c - +0 cloak
rCorr   .            (no gloves)
SInv    .            (no boots)
Will    .....        i - amulet of magic regeneration
Stlth   ++           (no ring)
HPRegen 0.23/turn    (no ring)
MPRegen 0.48/turn

%: no passive effects
@: no status effects
A: fangs 1, strong nose, distributed training
a: no special abilities


You were on level 1 of the Dungeon.
You visited 1 branch of the dungeon, and saw 2 of its levels.

You collected 71 gold pieces.

Inventory:

Hand Weapons
 a - a +0 short sword (weapon)
Missiles
 h - 9 javelins
Armour
 c - a +0 cloak (worn)
 e - a +0 robe (worn)
 g - a +0 helmet (worn)
Jewellery
 i - an amulet of magic regeneration (around neck)
Wands
 b - a wand of quicksilver (4) (quivered)
Scrolls
 d - a scroll of silence
 f - a scroll of poison {unknown}
 j - a scroll of teleportation {unknown}
 l - a scroll of enchant weapon {unknown}
Potions
 k - a potion of brilliance {unknown}


   Skills:
 + Level 0.5 Fighting
 + Level 6.5 Short Blades
 + Level 0.5 Long Blades
 + Level 0.5 Axes
 + Level 0.5 Maces & Flails
 + Level 0.5 Polearms
 + Level 0.5 Staves
 + Level 0.5 Ranged Weapons
 + Level 0.5 Throwing
 + Level 0.5 Armour
 + Level 6.5 Dodging
 + Level 2.3 Stealth
 + Level 0.5 Shields
 + Level 0.5 Unarmed Combat
 + Level 0.5 Spellcasting
 + Level 0.4 Conjurations
 + Level 0.4 Hexes
 + Level 0.4 Summonings
 + Level 0.4 Necromancy
 + Level 0.4 Translocations
 + Level 0.4 Transmutations
 + Level 0.4 Fire Magic
 + Level 0.4 Ice Magic
 + Level 0.4 Air Magic
 + Level 0.4 Earth Magic
 + Level 0.4 Poison Magic
 + Level 0.7 Invocations
 + Level 6.5 Evocations
 + Level 0.5 Shapeshifting


You had 2 spell levels left.
You didn't know any spells.
Your spell library contained the following spells:

 Spells                   Type           Power      Damage    Failure   Level
 Volatile Blastmotes      Fire/Tloc      0%         2d10      69%         3
 Fulminant Prism          Conj/Hex       0%         3d5       97%         4
 Iskenderun's Mystic Bla  Conj/Tloc      0%         2d3       97%         4


Dungeon Overview and Level Annotations

Branches:
Dungeon (2/15)

Altars:


Innate Abilities, Weirdness & Mutations

You have very sharp teeth.
Your uncanny sense of smell can sniff out nearby items.
Your experience applies equally to all skills.


Message History

You barely miss the gnoll. The gnoll completely misses you.
You closely miss the gnoll. The gnoll misses you.
You hit the gnoll but do no damage. You hit the gnoll.
The gnoll is lightly wounded.
The gnoll hits you with a +0 spear!
Huge Dmg: -35%(-7hp) hp: 65%(13hp)
You barely miss the gnoll. You bite the gnoll.
The gnoll is lightly wounded.
The gnoll completely misses you.
You hit the gnoll but do no damage.
The gnoll is lightly wounded.
You hit the gnoll. You bite the gnoll.
The gnoll is moderately wounded.
The gnoll completely misses you.
You hit the gnoll.
The gnoll is heavily wounded.
The gnoll barely misses you.
You hit the gnoll. Your bite misses the gnoll.
The gnoll is severely wounded.
You hit the gnoll but do no damage.
The gnoll is severely wounded.
The gnoll closely misses you.
You hit the gnoll.
The gnoll is almost dead.
The gnoll hits you with a +0 spear.
Huge Dmg: -25%(-5hp) hp: 45%(9hp)
You completely miss the gnoll.
The gnoll is almost dead.
You hit the gnoll.
The gnoll is almost dead.
The gnoll hits you with a +0 spear.
* * * LOW HITPOINT WARNING * * *
Huge Dmg: -20%(-4hp) hp: 25%(5hp) Welcome back, RepHenryClay the Gnoll Wanderer.
Press ? for a list of commands and other information.
You barely miss the gnoll.
The gnoll is almost dead.
The gnoll hits you with a +0 spear.
You die...

#.# #.#.######..# # #.#
#.#.##......# # #.#
#.#.#......## #≈### #.#
#.#.##......# #≈≈## #.#
#.#.........###≈≈#. #.#
#.###..####..##≈≈#. #.#
#.#..........#≈≈≈#. #.#
#g#.........~#≈≈≈#.
#.#####@...........~≈≈≈#.
#..............#....~≈≈~.
###########)........≈≈≈~.
#.......~~~≈≈~.
#........≈≈≈≈P.
#.......~~≈≈~~.
#........~≈≈~..
#.......~≈≈≈P~.
########.##.~~≈≈~..


You could see a gnoll.

Vanquished Creatures
  2 endoplasms (D:1)
  A giant cockroach (D:1)
  3 goblins (D:1)
  A hobgoblin (D:1)
  2 jackals (D:1)
  A kobold (D:1)
  A quokka (D:1)
  2 bats (D:1)
  3 frilled lizards (D:1)
  2 rats (D:1)
18 creatures vanquished.

Notes
Turn   | Place    | Note
-------+----------+-------------------------------------------
     0 | D:1      | RepHenryClay the Gnoll Wanderer began the quest for the
                  | Orb.
     0 | D:1      | RepHenryClay set off with the following items: a +0 short
                  | sword, a wand of quicksilver (4), a +0 cloak, a scroll of
                  | silence, a +0 robe.
     0 | D:1      | Reached XP level 1. HP: 13/13 MP: 1/1
   228 | D:1      | Reached XP level 2. HP: 19/19 MP: 2/2
   985 | D:1      | Slain by a gnoll

Illustrated notes

Levels and vault maps discovered:
D:1:      dpeg_arrival_more_subterranean_lakeside_camping, layout_basic,
          chequers_big_river, chequers_serial_rivers_room_a
D:2:      minmay_alternating_diamond, layout_rooms, minmay_tiny_reverse_x

Action                     || total
---------------------------++-------
  Melee: Short sword       ||    83
         Bite              ||     8
   Stab: Sleeping          ||     2
 Armour: Robe              ||    18
  Dodge: Dodged            ||    53

Table legend: (Time is in decaauts)
 A = Elapsed time spent in this place.
 B = Non-inter-level travel time spent in this place.
 C = Inter-level travel time spent in this place.
 D = Time resting spent in this place.
 E = Time spent auto-exploring this place.
 F = Levels seen in this place.
 G = Mean time per level.
                   A        B        C        D        E       F      G
               +--------+--------+--------+--------+--------+-----+--------+
         Total |    965 |    936 |     29 |      0 |    718 |   2 |  482.5 |
       Dungeon |    965 |    936 |     29 |      0 |    718 |   2 |  482.5 |
               +--------+--------+--------+--------+--------+-----+--------+

Top non-repeatable levels by time:
     D:1: 951 daAuts
     D:2: 13 daAuts
